 Dungeon Crawl Stone Soup version 0.20-a0-428-g059cf21 (webtiles) character file.

51 bration the Insei (level 3, -5/20 HPs)
             Began as a Vine Stalker Monk on Jan 1, 2017.
             Slain by Crazy Yiuf
             ... wielding a +2 quarterstaff of chaos
              (7 damage)
             ... on level 2 of the Dungeon.
             The game lasted 00:03:35 (877 turns).

bration the Insei (Vine Stalker Monk)                Turns: 877, Time: 00:03:35

Health: -5/20      AC:  2    Str: 13    XL:     3   Next: 83%
Magic:  0/4        EV: 13    Int: 10    God:
Gold:   29         SH:  0    Dex: 17    Spells: 2/2 levels left

rFire  . . .     SeeInvis .     i - +0 whip (vamp)
rCold  . . .     Gourm    .     a - +0 robe
rNeg   . . .     Faith    .     (no shield)
rPois  .         Spirit   +     (no helmet)
rElec  .         Reflect  .     (no cloak)
rCorr  .         Harm     .     (no gloves)
MR     .....                    (no boots)
Stlth  ++........               (no amulet)
                                (no ring)
                                (no ring)

@: lethally poisoned (-5 -> -21)
A: fangs 2, magic shield, antimagic bite, no potion heal 3, rot immunity
a: no special abilities


You were on level 2 of the Dungeon.
You were not hungry.

You visited 1 branch of the dungeon, and saw 2 of its levels.

You collected 29 gold pieces.

Inventory:

Hand Weapons
 i - a +0 vampiric whip (weapon)
Armour
 a - a +0 robe (worn)
Scrolls
 b - a scroll of noise {unknown}
 j - a scroll of fog {unknown}
Potions
 c - a potion of cancellation
 d - a potion of cure mutation
 e - a potion of brilliance
 h - a potion of berserk rage {unknown}


   Skills:
 + Level 3.1 Fighting
 * Level 1.0 Maces & Flails
 - Level 2.4 Dodging
 - Level 2.4 Stealth
 - Level 4.0 Unarmed Combat


You had 2 spell levels left.
You didn't know any spells.

Dungeon Overview and Level Annotations

Branches:
Dungeon (2/15)

Altars:

Annotations:
D:2 Crazy Yiuf, Sigmund


Innate Abilities, Weirdness & Mutations

You have extremely sharp teeth.
When hurt, damage is shared between your health and your magic reserves.
Your bite disrupts and absorbs the magic of your enemies.
Potions cannot restore your health.
You are immune to rotting.


Message History

Crazy Yiuf barely misses you.
You barely miss Crazy Yiuf. Your bite misses Crazy Yiuf.
Crazy Yiuf hits you with a quarterstaff of chaos.
Crazy Yiuf freezes you.
You hit Crazy Yiuf.
You feel better.
Crazy Yiuf is lightly wounded.
Crazy Yiuf says, "Pitchfork!
Snoogle stair horse."
Crazy Yiuf hits you with a quarterstaff of chaos.
Crazy Yiuf burns you.
You barely miss Crazy Yiuf. You bite Crazy Yiuf, but do no damage.
Crazy Yiuf is lightly wounded.
Crazy Yiuf hits you with a quarterstaff of chaos!
* * * LOW HITPOINT WARNING * * *
You are lethally poisoned!
You hit Crazy Yiuf but do no damage.
Crazy Yiuf is lightly wounded.
* * * LOW HITPOINT WARNING * * *
You feel sick.
Crazy Yiuf hits you with a quarterstaff of chaos!
You die...

...#......#
..........##
##..........
####.......
#....(.. #.......
#### ♣♣##..#####
#)..#♣♣ ♣♣P....#
#..g@.♣♣♣♣PP....#
#...#♣..♣.PP...##
#### ♣♣♣.♣....##
♣♣♣♣♣###


You could see Crazy Yiuf.

Vanquished Creatures
  Ijyb (D:2)
  2 dart slugs
  A leopard gecko (D:1)
  2 giant cockroaches (D:1)
  2 goblins
  2 jackals (D:1)
  5 kobolds
  5 bats (D:1)
  2 frilled lizards
  3 rats (D:1)
25 creatures vanquished.

Notes
Turn   | Place    | Note
-------+----------+-------------------------------------------
     0 | D:1      | bration the Vine Stalker Monk began the quest for the Orb.
     0 | D:1      | Reached XP level 1. HP: 11/11 MP: 2/2
   104 | D:1      | Reached XP level 2. HP: 8/16 MP: 1/3
   542 | D:1      | Reached skill level 4 in Unarmed Combat
   738 | D:2      | Reached XP level 3. HP: 19/19 MP: 4/4
   783 | D:2      | Noticed Ijyb
   808 | D:2      | Killed Ijyb
   808 | D:2      | Reached skill level 1 in Maces & Flails
   834 | D:2      | Noticed Sigmund
   867 | D:2      | Found a runed door.
   871 | D:2      | Noticed Crazy Yiuf
   877 | D:2      | Slain by Crazy Yiuf

Vault maps used:
D:1:      ncdulo_watergridlock
D:2:      uniq_sigmund, uniq_crazy_yiuf_cottage, uniq_iyjb

Skill      XL: |  1  2  3 |
---------------+----------+-----
Unarmed Combat | 4 |  4.0
Fighting       | 3 |  3.1
Maces & Flails | 1 |  1.0
Dodging        | |  2.4
Stealth        | |  2.4

Action                   || total
-------------------------++-------
Melee: Unarmed           ||    57
       Bite              ||    24
       Whip              ||    32
       Punch             ||     1
  Use: Scroll            ||     3
 Stab: Sleeping          ||     3
  Eat: Bread ration      ||     1
       Pizza             ||     1
Armor: Robe              ||    14
Dodge: Dodged            ||    50
